PL
LEXINGTON BC @ CALIFORNIA OCEANLINERS
07/29/2019
 
TOP OF THE 1ST
Lexington BC batting - Pitching for California Oceanliners : LHP Alec Pittman
Pitching: LHP Alec Pittman
Batting: LHB Brad Elmore 0-0: Called Strike
0-1: Ball
1-1: Called Strike
1-2: Fly out, F7 (Flyball, 78D)
Batting: RHB Andre Dixon 0-0: Ball
1-0: Swinging Strike
1-1: SINGLE (Groundball, 6M)
Batting: RHB Júlio Gruzmán 0-0: Called Strike
0-1: Ball
1-1: Called Strike
1-2: Reached on error, E2 (Groundball, 2L)
Andre Dixon to third
Batting: RHB Juan Cabrera 0-0: Ball
1-0: Ball
2-0: Ball
3-0: Called Strike
3-1: Fly out, F5 (Popup, 5F)
Batting: RHB Ed Hopkins 0-0: Ground out 5-3 (Groundball, 5)
Top of the 1st over - 0 run(s), 1 hit(s), 1 error(s), 2 left on base; Lexington 0 - California 0
BOTTOM OF THE 1ST
California Oceanliners batting - Pitching for Lexington BC : LHP Juan Júlio
Pitching: LHP Juan Júlio
Batting: LHB Frank Wentworth 0-0: Ball
1-0: Ball
2-0: Ball
3-0: Called Strike
3-1: Base on Balls
Batting: LHB Kelly Brown 0-0: Ball
1-0: Swinging Strike
1-1: Ground out U3 (Groundball, 3)
Frank Wentworth to second
Batting: RHB John Downing 0-0: Ball
1-0: Ground out 6-3 (Groundball, 6)
Batting: LHB Tim Hargrove Balk!
Frank Wentworth to third
0-0: Called Strike
0-1: Ground out 6-3 (Groundball, 6M)
Bottom of the 1st over - 0 run(s), 0 hit(s), 0 error(s), 1 left on base; Lexington 0 - California 0
TOP OF THE 2ND
Lexington BC batting - Pitching for California Oceanliners : LHP Alec Pittman
Batting: RHB Steve Dunn 0-0: Fly out, F9 (Line Drive, 9M)
Batting: RHB Brett Robinson 0-0: Foul Ball, location: 2F
0-1: Ball
1-1: Ball
2-1: Ball
3-1: Fly out, F7 (Line Drive, 7D)
Batting: RHB Jack Hatcher 0-0: Ball
1-0: Foul Ball, location: 2F
1-1: Fly out, F9 (Flyball, 8RM)
Top of the 2nd over - 0 run(s), 0 hit(s), 0 error(s), 0 left on base; Lexington 0 - California 0
BOTTOM OF THE 2ND
California Oceanliners batting - Pitching for Lexington BC : LHP Juan Júlio
Batting: RHB Domingo García 0-0: Called Strike
0-1: Swinging Strike
0-2: Strikes out swinging
Batting: RHB Takeru Sanu 0-0: Called Strike
0-1: Foul Ball, location: 2F
0-2: SINGLE (Groundball, 4M)
Batting: LHB Mike Silver 0-0: Called Strike
0-1: Foul Ball, location: 2F
0-2: Strikes out swinging
Batting: RHB Dave King 0-0: Called Strike
0-1: Called Strike
0-2: DOUBLE (Line Drive, 7LM)
Takeru Sanu to third
Runner from 3rd tries for Home, SAFE, no throw or cutoff
Batting: LHB Alec Pittman 0-0: Ball
1-0: Ball
2-0: Called Strike
2-1: Foul Ball, location: 2F
2-2: Strikes out swinging
Bottom of the 2nd over - 1 run(s), 2 hit(s), 0 error(s), 1 left on base; Lexington 0 - California 1
TOP OF THE 3RD
Lexington BC batting - Pitching for California Oceanliners : LHP Alec Pittman
Batting: LHB Juan Júlio 0-0: Ball
1-0: Ball
2-0: SINGLE (Groundball, 13) (infield hit)
Batting: LHB Brad Elmore 0-0: Ball
1-0: Foul Ball, location: 2F
1-1: Ball
2-1: Ball
3-1: Fly out, F6 (Popup, 6M)
Batting: RHB Andre Dixon 0-0: Foul Ball, location: 2F
0-1: Ball
1-1: SINGLE (Line Drive, 78M)
Juan Júlio to second
Batting: RHB Júlio Gruzmán 0-0: Ball
1-0: Ball
2-0: Ball
3-0: Ground out 5-3 (Groundball, 56S)
Juan Júlio to third
Andre Dixon to second
Batting: RHB Juan Cabrera 0-0: Ball
1-0: Called Strike
1-1: Swinging Strike
1-2: Ground out 2-3 (Groundball, 2R)
Top of the 3rd over - 0 run(s), 2 hit(s), 0 error(s), 2 left on base; Lexington 0 - California 1
BOTTOM OF THE 3RD
California Oceanliners batting - Pitching for Lexington BC : LHP Juan Júlio
Batting: LHB Frank Wentworth 0-0: SINGLE (Line Drive, 6D)
Batting: LHB Kelly Brown 0-0: Called Strike
0-1: Foul Ball, location: 2F
0-2: Strikes out looking
Batting: RHB John Downing 0-0: Ball
1-0: Called Strike
1-1: Ball
2-1: Foul Ball, location: 2F
2-2: Strikes out swinging
Batting: LHB Tim Hargrove 0-0: Called Strike
0-1: Swinging Strike
0-2: Fly out, F8 (Flyball, 8LS)
Bottom of the 3rd over - 0 run(s), 1 hit(s), 0 error(s), 1 left on base; Lexington 0 - California 1
TOP OF THE 4TH
Lexington BC batting - Pitching for California Oceanliners : LHP Alec Pittman
Batting: RHB Ed Hopkins 0-0: Ball
1-0: Ball
2-0: Called Strike
2-1: Foul Ball, location: 2F
2-2: SINGLE (Line Drive, 4MD)
Batting: RHB Steve Dunn 0-0: Ball
1-0: Ball
2-0: Ball
3-0: Called Strike
3-1: Called Strike
3-2: Ground out 2-3 (Groundball, 15S)
Ed Hopkins to second
Batting: RHB Brett Robinson 0-0: Foul Ball, location: 2F
0-1: Foul Ball, location: 2F
0-2: Ball
1-2: Strikes out swinging
Batting: RHB Jack Hatcher 0-0: Intentional Walk
Batting: LHB Juan Júlio 0-0: Ball
1-0: Swinging Strike
1-1: Swinging Strike
1-2: Strikes out swinging
Top of the 4th over - 0 run(s), 1 hit(s), 0 error(s), 2 left on base; Lexington 0 - California 1
BOTTOM OF THE 4TH
California Oceanliners batting - Pitching for Lexington BC : LHP Juan Júlio
Batting: RHB Domingo García 0-0: Ball
1-0: Ball
2-0: Foul Ball, location: 2F
2-1: Ground out 5-3 (Groundball, 5)
Batting: RHB Takeru Sanu 0-0: Called Strike
0-1: Fly out, F7 (Flyball, 7LSF)
Batting: LHB Mike Silver 0-0: Foul Ball, location: 2F
0-1: Ball
1-1: Ball
2-1: Foul Ball, location: 2F
2-2: Ball
3-2: Base on Balls
Batting: RHB Dave King 0-0: Fielders Choice at 2nd, 6-4 (Groundball, 6)
Bottom of the 4th over - 0 run(s), 0 hit(s), 0 error(s), 0 left on base; Lexington 0 - California 1
TOP OF THE 5TH
Lexington BC batting - Pitching for California Oceanliners : LHP Alec Pittman
Batting: LHB Brad Elmore 0-0: Fly out, F9 (Flyball, 89S)
Batting: RHB Andre Dixon 0-0: Ball
1-0: Swinging Strike
1-1: Fly out, F8 (Flyball, 8LM)
Batting: RHB Júlio Gruzmán 0-0: Ball
1-0: Ball
2-0: Called Strike
2-1: Ground out 6-3 (Groundball, 6)
Top of the 5th over - 0 run(s), 0 hit(s), 0 error(s), 0 left on base; Lexington 0 - California 1
BOTTOM OF THE 5TH
California Oceanliners batting - Pitching for Lexington BC : LHP Juan Júlio
Batting: LHB Alec Pittman 0-0: Called Strike
0-1: Ball
1-1: Called Strike
1-2: Strikes out swinging
Batting: LHB Frank Wentworth 0-0: Ball
1-0: Ball
2-0: Called Strike
2-1: Ball
3-1: Foul Ball, location: 2F
3-2: Foul Ball, location: 2F
3-2: SOLO HOME RUN (Flyball, 9D), Distance : 359 ft
Batting: LHB Kelly Brown 0-0: Foul Ball, location: 2F
0-1: Ball
1-1: Ball
2-1: Foul Ball, location: 2F
2-2: Ball
3-2: Base on Balls
Batting: RHB John Downing 0-0: Ball
1-0: Ball
2-0: Grounds into double play, 5-4-3 (Groundball, 5)
Bottom of the 5th over - 1 run(s), 1 hit(s), 0 error(s), 0 left on base; Lexington 0 - California 2
TOP OF THE 6TH
Lexington BC batting - Pitching for California Oceanliners : LHP Alec Pittman
Batting: RHB Juan Cabrera 0-0: Called Strike
0-1: Foul Ball, location: 2F
0-2: Foul Ball, location: 2F
0-2: Strikes out swinging
Batting: RHB Ed Hopkins 0-0: Called Strike
0-1: SINGLE (Line Drive, 89S)
Batting: RHB Steve Dunn 0-0: Ball
1-0: Called Strike
1-1: Fly out, F5 (Line Drive, 5L)
Batting: RHB Brett Robinson 0-0: Called Strike
0-1: Ball
1-1: DOUBLE (Line Drive, 7M)
Ed Hopkins to third
Batting: RHB Jack Hatcher 0-0: Intentional Walk
Batting: LHB Juan Júlio 0-0: Called Strike
0-1: Ball
1-1: Called Strike
1-2: Ball
2-2: Foul Ball, location: 2F
2-2: Strikes out swinging
Top of the 6th over - 0 run(s), 2 hit(s), 0 error(s), 3 left on base; Lexington 0 - California 2
BOTTOM OF THE 6TH
California Oceanliners batting - Pitching for Lexington BC : LHP Juan Júlio
Batting: LHB Tim Hargrove 0-0: Ball
1-0: Fly out, F7 (Flyball, 7LM)
Batting: RHB Domingo García 0-0: Called Strike
0-1: Foul Ball, location: 2F
0-2: SINGLE (Line Drive, 34D)
Batting: RHB Takeru Sanu 0-0: Ball
1-0: DOUBLE (Flyball, 8LXD)
Domingo García to third
Runner from 3rd tries for Home, SAFE, throw made home
Batting: LHB Mike Silver 0-0: Called Strike
0-1: Called Strike
0-2: Ground out 6-3 (Groundball, 6)
Batting: RHB Dave King 0-0: Intentional Walk
Batting: LHB Alec Pittman 0-0: Ball
1-0: Foul Ball, location: 2F
1-1: Called Strike
1-2: Fly out, F7 (Flyball, 78S)
Bottom of the 6th over - 1 run(s), 2 hit(s), 0 error(s), 2 left on base; Lexington 0 - California 3
TOP OF THE 7TH
Lexington BC batting - Pitching for California Oceanliners : LHP Alec Pittman
Batting: LHB Brad Elmore 0-0: Ground out 4-3 (Groundball, 4M)
Batting: RHB Andre Dixon 0-0: SOLO HOME RUN (Flyball, 7D), Distance : 360 ft
Batting: RHB Júlio Gruzmán 0-0: Called Strike
0-1: SINGLE (Groundball, 56D)
Batting: RHB Juan Cabrera 0-0: Called Strike
0-1: SINGLE (Groundball, 56D)
Júlio Gruzmán to second
Batting: RHB Ed Hopkins
Pinch Runner at 2nd Hiwahikeiki Noelani: 0-0: Ball
1-0: Foul Ball, location: 2F
1-1: Ball
2-1: Fly out, F9 (Line Drive, 89S)
Batting: RHB Steve Dunn 0-0: Swinging Strike
0-1: Swinging Strike
0-2: Ball
1-2: Strikes out swinging
Top of the 7th over - 1 run(s), 3 hit(s), 0 error(s), 2 left on base; Lexington 1 - California 3
BOTTOM OF THE 7TH
California Oceanliners batting - Pitching for Lexington BC : LHP Juan Júlio
Now in LF: Hiwahikeiki Noelani
Batting: LHB Frank Wentworth 0-0: Swinging Strike
0-1: Ball
1-1: Ball
2-1: Called Strike
2-2: Foul Ball, location: 2F
2-2: Fly out, F8 (Flyball, 8LD)
Batting: LHB Kelly Brown 0-0: Ball
1-0: Called Strike
1-1: Ball
2-1: SINGLE (Groundball, 4MD) (infield hit)
Batting: RHB John Downing 0-0: Called Strike
0-1: Ball
1-1: SINGLE (Groundball, 56D)
Kelly Brown to second
Pitching: LHP Greg Jordan
Now at 2B: Mark Allen
Batting: LHB Tim Hargrove 0-0: Foul Ball, location: 2F
0-1: Ball
1-1: Swinging Strike
1-2: Foul Ball, location: 2F
1-2: Fielders Choice at 2nd, 6-4 (Groundball, 56)
Kelly Brown to third
Batting: RHB Domingo García 0-0: Fly out, F5 (Popup, 5)
Bottom of the 7th over - 0 run(s), 2 hit(s), 0 error(s), 2 left on base; Lexington 1 - California 3
TOP OF THE 8TH
Lexington BC batting - Pitching for California Oceanliners : LHP Alec Pittman
Now at C: Ilusuarte Viamonte
Batting: RHB Brett Robinson 0-0: Foul Ball, location: 2F
0-1: Ground out 4-3 (Groundball, 4)
Batting: RHB Jack Hatcher 0-0: Foul Ball, location: 2F
0-1: DOUBLE (Flyball, 78XD)
Pitching: RHP Gene Kirkland
Batting: RHB Mark Allen 0-0: Ball
1-0: Ball
2-0: Foul Ball, location: 2F
2-1: Ball
3-1: Foul Ball, location: 2F
3-2: DOUBLE (Line Drive, 9LM)
Jack Hatcher scores
Batting: LHB Brad Elmore 0-0: Foul Ball, location: 2F
0-1: Ball
1-1: Swinging Strike
1-2: Strikes out swinging
Pinch Hitting: RHB Vicente Díaz 0-0: Ball
1-0: Ground out 5-3 (Groundball, 56)
Top of the 8th over - 1 run(s), 2 hit(s), 0 error(s), 1 left on base; Lexington 2 - California 3
BOTTOM OF THE 8TH
California Oceanliners batting - Pitching for Lexington BC : LHP Greg Jordan
Pitching: RHP Esteban Moreno
Batting: RHB Takeru Sanu 0-0: Ground out 5-3 (Groundball, 56)
Batting: LHB Mike Silver 0-0: Called Strike
0-1: SINGLE (Groundball, 34D)
Batting: RHB Dave King 0-0: Ball
1-0: Called Strike
1-1: Called Strike
1-2: Ball
2-2: SINGLE (Groundball, 56)
Mike Silver to second
Pinch Hitting: LHB Nick Leonard 0-0: Called Strike
Mike Silver steals 3rd base
Dave King to second
0-1: Ball
1-1: Called Strike
1-2: Ball
2-2: Strikes out swinging
Batting: LHB Frank Wentworth 0-0: Ball
1-0: Swinging Strike
1-1: Ball
2-1: Ball
3-1: Base on Balls
Batting: RHB Ilusuarte Viamonte 0-0: Ball
1-0: Called Strike
1-1: Ball
2-1: Ball
3-1: Foul Ball, location: 2F
3-2: Strikes out swinging
Bottom of the 8th over - 0 run(s), 2 hit(s), 0 error(s), 3 left on base; Lexington 2 - California 3
TOP OF THE 9TH
Lexington BC batting - Pitching for California Oceanliners : RHP Gene Kirkland
Pitching: RHP Ted Locke
Pinch Hitting: LHB Mike Gardner 0-0: Ground out 4-3 (Groundball, 4)
Batting: RHB Juan Cabrera 0-0: Ball
1-0: Ball
2-0: Foul Ball, location: 2F
2-1: Ground out 1-3 (Groundball, 13)
Batting: RHB Ed Hopkins 0-0: Called Strike
0-1: Ball
1-1: Ground out 6-3 (Groundball, 6)
Top of the 9th over - 0 run(s), 0 hit(s), 0 error(s), 0 left on base; Lexington 2 - California 3
This league is powered by Out of the Park Baseball, the baseball management simulation game for PC, Mac and Linux
Saturday, July 25th, 2015 - OOTP Baseball 15.6 Build 34